 Dungeon Sprint DCSS version 0.29.0-11-gd7f09526c8 (webtiles) character file.

Game seed: 15650776483962069568

5000000 Zeld the Intangible (level 21, -103/187 HPs)
             Began as a Djinni Monk on Sept 6, 2022.
             Was the Champion of Makhleb.
             Annihilated by The Servant
             ... wielding a +9 glaive of flaming
              (145 damage)
             ... in the Dungeon (Sprint VIII: "Arena of Blood").
             The game lasted 00:02:12 (50 turns).

Zeld the Intangible (Djinni Monk)                     Turns: 50, Time: 00:02:13

Health: -103/187   AC:  2    Str: 18    XL:     21   Next: 94%
Gold:   0          EV: 30    Int: 13    God:    Makhleb [******] SH:  0 Dex: 18

rFire   + + .      SeeInvis .   h - +∞ Axe of Woe
rCold   x . .      Faith    .   (shield currently unavailable)
rNeg    . . .      Spirit   .   a - +0 robe
rPois   ∞          Reflect  .   (no helmet)
rElec   .          Harm     .   (no cloak)
rCorr   .          Rampage  .   (no gloves)
Will    ++...      NoTele   +   (boots unavailable)
Stlth   ++++++++++              (no amulet)
HPRegen 0.41/turn               i - +200 ring of slaying
MPRegen 0.00/turn               j - +200 ring of slaying

@: flying
A: sickness immunity, fire resistance 2, cold vulnerability 1, float, innate
caster, HP casting, extra vitality 1
a: Renounce Religion, Minor Destruction, Lesser Servant of Makhleb, Major
Destruction, Greater Servant of Makhleb


You were in the Dungeon.
You worshipped Makhleb.
Makhleb was exalted by your worship.
You visited 1 branch

Inventory:

Hand Weapons
 h - the +∞ Axe of Woe (weapon)
   (You found it in the Dungeon)
Armour
 a - a +0 robe (worn)
Jewellery
 i - a +200 ring of slaying (left hand)
 j - a +200 ring of slaying (right hand)
Scrolls
 g - a scroll of blinking
Potions
 b - a potion of ambrosia
 c - a potion of curing
 d - a potion of heal wounds
 e - a potion of haste
 f - a potion of berserk rage


   Skills:
 O Level 27 Fighting
 + Level 7.9(9.5) Short Blades
 + Level 7.9(9.4) Long Blades
 O Level 27 Axes
 + Level 7.2(19.7) Maces & Flails
 + Level 7.2(19.7) Polearms
 + Level 7.9(10.7) Staves
 + Level 7.2 Ranged Weapons
 + Level 7.2 Throwing
 + Level 8.7 Armour
 O Level 27 Dodging
 O Level 27 Stealth
 + Level 8.7 Shields
 - Level 3.0 Unarmed Combat
 O Level 27 Spellcasting
 O Level 27 Invocations
 + Level 8.7 Evocations


You had 26 spell levels left.
You knew the following spells:

 Your Spells              Type           Power      Damage    Failure   Level
a - Sting                 Tmut/Pois      100%       1d8       0%          1
b - Scorch                Fire           100%       2d10      0%          2
c - Frozen Ramparts       Ice            100%       1d16      0%          3
d - Olgreb's Toxic Radia  Pois           73%        N/A       0%          4
e - Freezing Cloud        Conj/Ice/Air   36%        6-21      0%          5
f - Alistair's Intoxicat  Tmut/Pois      48%        N/A       0%          5
g - Summon Cactus Giant   Summ           36%        N/A       0%          6
h - Spellforged Servitor  Conj/Summ      36%        N/A       1%          7
i - Summon Hydra          Summ           36%        N/A       1%          7
j - Necromutation         Tmut/Necr      36%        N/A       1%          8
Your spell library was empty.

Dungeon Overview and Level Annotations

Branches:
Dungeon (1/1)

Altars:
Makhleb

Annotations:
D The Servant


Innate Abilities, Weirdness & Mutations

You are immune to sickness and miasma.
You are immune to poison.
Your flesh is very heat resistant. (rF++)
You are vulnerable to cold. (rC-)
You float through the air rather than walking.
You learn spells naturally, not from books.
Your magical power is your life essence.
You have superior vitality. (+4 MHP)


Message History

Your base Maces & Flails skill gained 2 levels and is now at level 7!
Your base Polearms skill gained 2 levels and is now at level 7!
Your base Staves skill gained 2 levels and is now at level 7!
Your Ranged Weapons skill gained 2 levels and is now at level 7!
Your Throwing skill gained 2 levels and is now at level 7!
Your Armour skill gained 2 levels and is now at level 8!
Your Shields skill gained 2 levels and is now at level 8!
Your Evocations skill gained 2 levels and is now at level 8!
Unknown command.
Unknown command.
Unknown command.
You hear a shout! x3
The Servant hits you from afar with a +9 glaive of flaming!!!!
Ouch! That really hurt!
* * * LOW HITPOINT WARNING * * *
The Servant burns you!
* * * LOW HITPOINT WARNING * * *
You hear a shout! x2
The meat berserker rages.
You hear a shout! x2
A sculptor of flesh comes into view. It is wielding a +9 great sword.
The tyrant gestures wildly while chanting.
The tyrant seems to speed up.
You hear a shout! x2
Your four-headed hydra closely misses the bag of meat.
Your four-headed hydra bites the bag of meat!
Your four-headed hydra completely misses the bag of meat. x2
You hear a shout! x3
Unknown command.
Unknown command.
You carve the bag of meat like a ham!!!!!
You butcher the bag of meat messily.
You kill the bag of meat!
Makhleb accepts your kill.
The tyrant appears out of thin air!
A tyrant comes into view.
You hear a shout! x3
The Servant hits you from afar with a +9 glaive of flaming!!!!!
Ouch! That really hurt!
You die...

.... z. ... ..
#.. O# . #.. ..#
..###.. ..###.
......@###......
......))_.......
....#D)@..#....
. #_)<)_# .
#.)))z#
....._XX.L.
....o.###X.....
o###o. X.###.
#.. ..# #..


Lz# .. .. You could see 2 tyrants, The Servant, 3 sculptors of flesh, 4 large
abominations, a meat berserker (berserk), 2 bags of meat and a friendly
four-headed hydra (summoned).

Vanquished Creatures
  2 vampire knights (D)
  10 ogres (D)
  A two-headed ogre (D)
  22 orcs (D)
  3 skeletal warriors (D)
38 creatures vanquished.

Notes
Turn   | Place    | Note
-------+----------+-------------------------------------------
     0 | D        | Found the +∞ Axe of Woe
     0 | D        | Zeld the Djinni Monk began the quest for the Orb.
     0 | D        | Reached XP level 1. HP: 20/20 MP: 0/0
     4 | D        | Became a worshipper of Makhleb the Destroyer
     4 | D        | Reached * piety under Makhleb
     4 | D        | Reached ** piety under Makhleb
     4 | D        | Noticed a bag of meat
     5 | D        | Noticed a bag of meat
     5 | D        | Noticed a bag of meat
     6 | D        | Killed a bag of meat
     6 | D        | Noticed a meat berserker
     6 | D        | Noticed a bag of meat
     7 | D        | Reached XP level 2. HP: 24/39 MP: 0/0
     7 | D        | Reached XP level 3. HP: 27/44 MP: 0/0
     7 | D        | Learned a level 1 spell: Sting
     7 | D        | Reached XP level 4. HP: 31/50 MP: 0/0
     7 | D        | Reached XP level 5. HP: 34/56 MP: 0/0
     7 | D        | Learned a level 2 spell: Scorch
     7 | D        | Reached XP level 6. HP: 38/62 MP: 0/0
     7 | D        | Reached XP level 7. HP: 41/67 MP: 0/0
     7 | D        | Learned a level 3 spell: Frozen Ramparts
     7 | D        | Reached XP level 8. HP: 45/74 MP: 0/0
     7 | D        | Reached XP level 9. HP: 48/78 MP: 0/0
     7 | D        | Learned a level 4 spell: Olgreb's Toxic Radiance
     7 | D        | Reached XP level 10. HP: 52/85 MP: 0/0
     7 | D        | Reached XP level 11. HP: 55/90 MP: 0/0
     7 | D        | Learned a level 5 spell: Freezing Cloud
     9 | D        | Noticed a meat berserker
    10 | D        | Killed a bag of meat
    10 | D        | Noticed a bag of meat
    11 | D        | Reached skill level 15 in Dodging
    11 | D        | Reached skill level 5 in Stealth
    11 | D        | Reached skill level 10 in Spellcasting
    11 | D        | Reached XP level 12. HP: 84/100 MP: 0/0
    11 | D        | Killed a meat berserker
    11 | D        | Reached *** piety under Makhleb
    11 | D        | Killed a bag of meat
    11 | D        | Noticed a bag of meat
    11 | D        | Noticed a bag of meat
    12 | D        | Reached skill level 15 in Invocations
    12 | D        | Reached XP level 13. HP: 112/112 MP: 0/0
    12 | D        | Learned a level 5 spell: Alistair's Intoxication
    12 | D        | Reached XP level 14. HP: 119/119 MP: 0/0
    12 | D        | Noticed a meat berserker
    12 | D        | Killed a meat berserker
    12 | D        | Noticed a bag of meat
    13 | D        | Killed a bag of meat
    13 | D        | Noticed a meat berserker
    14 | D        | Reached skill level 15 in Axes
    14 | D        | Reached XP level 15. HP: 129/129 MP: 0/0
    14 | D        | Learned a level 6 spell: Summon Cactus Giant
    15 | D        | Killed a meat berserker
    15 | D        | Reached **** piety under Makhleb
    17 | D        | Reached ***** piety under Makhleb
    17 | D        | Noticed a meat berserker
    18 | D        | Reached skill level 15 in Spellcasting
    18 | D        | Reached XP level 16. HP: 62/141 MP: 0/0
    18 | D        | Killed a meat berserker
    19 | D        | Reached XP level 17. HP: 129/150 MP: 0/0
    19 | D        | Learned a level 7 spell: Spellforged Servitor
    19 | D        | Noticed a large bag of meat
    23 | D        | Noticed a destroyer
    23 | D        | Killed a meat berserker
    26 | D        | Reached skill level 10 in Stealth
    26 | D        | Reached XP level 18. HP: 148/163 MP: 0/0
    26 | D        | Killed a large bag of meat
    26 | D        | Reached ****** piety under Makhleb
    28 | D        | Killed a destroyer
    29 | D        | Reached skill level 27 in Dodging
    29 | D        | Noticed a meat berserker
    30 | D        | Noticed a meat berserker
    30 | D        | Noticed a meat berserker
    31 | D        | Noticed a meat berserker
    31 | D        | Noticed a sculptor of flesh
    33 | D        | Killed a sculptor of flesh
    33 | D        | Noticed a destroyer
    34 | D        | Reached XP level 19. HP: 164/173 MP: 0/0
    34 | D        | Learned a level 7 spell: Summon Hydra
    35 | D        | Noticed a sculptor of flesh
    35 | D        | Killed a meat berserker
    35 | D        | Killed a destroyer
    36 | D        | Reached skill level 27 in Fighting
    36 | D        | Reached skill level 27 in Axes
    36 | D        | Reached skill level 27 in Invocations
    36 | D        | Killed a meat berserker
    36 | D        | Noticed a sculptor of flesh
    36 | D        | Noticed a sculptor of flesh
    37 | D        | Reached XP level 20. HP: 181/181 MP: 0/0
    37 | D        | Killed a meat berserker
    37 | D        | Killed a meat berserker
    38 | D        | Reached skill level 27 in Spellcasting
    38 | D        | Noticed an eight-headed meat hydra
    38 | D        | Noticed The Servant
    42 | D        | Noticed a meat berserker
    43 | D        | Reached XP level 21. HP: 187/187 MP: 0/0
    43 | D        | Learned a level 8 spell: Necromutation
    44 | D        | Reached skill level 27 in Stealth
    45 | D        | Noticed a tyrant
    46 | D        | Reached skill level 5 in Armour
    46 | D        | Reached skill level 5 in Shields
    46 | D        | Reached skill level 5 in Evocations
    47 | D        | Reached skill level 5 in Short Blades
    47 | D        | Reached skill level 5 in Long Blades
    47 | D        | Reached skill level 5 in Maces & Flails
    47 | D        | Reached skill level 5 in Polearms
    47 | D        | Reached skill level 5 in Staves
    47 | D        | Reached skill level 5 in Ranged Weapons
    47 | D        | Reached skill level 5 in Throwing
    47 | D        | Noticed a meat berserker
    47 | D        | Noticed a meat berserker
    48 | D        | Killed a meat berserker
    48 | D        | Noticed a meat berserker
    50 | D        | Annihilated by The Servant

Illustrated notes

Levels and vault maps discovered:
D:        meatsprint

Skill      XL: |  1  2  3  4  5  6  7  8  9 10 11 12 13 14 15 16 17 18 19 20 21 |
---------------+----------------------------------------------------------------+-----
Fighting       | 12 14 17 19 21 23 25 26 27 | 27.0
Axes           | 9 11 13 15 17 19 22 24 27 | 27.0
Dodging        | 13 15 18 20 23 24 26 27 | 27.0
Stealth        | 4 5 6 7 8 9 10 13 26 27 | 27.0
Spellcasting   | 8 10 12 13 15 16 18 20 25 27 | 27.0
Invocations    | 11 12 15 17 19 21 23 24 27 | 27.0
Short Blades   | 7 |  7.9
Long Blades    | 7 |  7.9
Maces & Flails | 7 |  7.2
Polearms       | 7 |  7.2
Staves         | 7 |  7.9
Ranged Weapons | 7 |  7.2
Throwing       | 7 |  7.2
Armour         | 8 |  8.7
Shields        | 8 |  8.7
Evocations     | 8 |  8.7
Unarmed Combat | |  3.0

Action                   |  1- 3 |  4- 6 |  7- 9 | 10-12 | 13-15 | 16-18 | 19-21 || total
-------------------------+-------+-------+-------+-------+-------+-------+-------++-------
Melee: Executioner's axe |     1 |       |       |     2 |     4 |     9 |    10 ||    26
 Cast: Summon Hydra      |       |       |       |       |       |       |     1 ||     1
